 Dungeon Crawl Stone Soup version 0.25-a0-690-g234afa57d4 (webtiles) character file.

Game seed: 12921683048294685406, levelgen mode: deterministic

2826 kae the Grappler (level 9, -2/70 HPs)
             Began as a Pale Draconian Transmuter on Mar 30, 2020.
             Was a Priest of Hepliaklqana.
             Succumbed to a killer bee's poison
             ... on level 7 of the Dungeon.
             The game lasted 00:07:58 (9006 turns).

kae the Grappler (Pale Draconian Transmuter)        Turns: 9006, Time: 00:07:58

Health: -2/70      AC:  7    Str: 13    XL:     9   Next: 45%
Magic:  8/17       EV: 12    Int: 16    God:    Hepliaklqana [***...]
Gold:   284        SH:  0    Dex: 12    Spells: 4/19 levels left

rFire    . . .     SeeInvis .     - Unarmed
rCold    . . .     Gourm    +   (shield currently unavailable)
rNeg     . . .     Faith    .   (armour unavailable)
rPois    .         Spirit   .   (helmet restricted)
rElec    .         Reflect  .   (no cloak)
rCorr    .         Harm     .   (gloves currently unavailable)
MR       .....                  (no boots)
Stlth    +.........             l - amulet of the gourmand
HPRegen  0.21/turn              (no ring)
MPRegen  0.15/turn              (no ring)

@: lethally poisoned (-2 -> -34), blade hands (expiring), very slightly
contaminated, hasted, very quick
A: breathe steam, unfitting armour, reduced essence, cold-blooded, AC +7
a: Breathe Steam, End Transformation, Recall Ancestor, Ancestor Identity,
Transference, Renounce Religion


You were on level 7 of the Dungeon.
You worshipped Hepliaklqana.
Hepliaklqana was most pleased with you.
You were very full.
You had blades for hands.
You visited 1 branch of the dungeon, and saw 7 of its levels.
You also visited: Sewer.

You collected 284 gold pieces.

Inventory:

Missiles
 a - 152 arrows
Armour
 d - a +1 pair of gloves (melded)
Jewellery
 l - an amulet of the gourmand (around neck)
Wands
 t - a wand of acid (8)
Scrolls
 b - 8 scrolls of teleportation
 h - a scroll of enchant weapon
 j - 4 scrolls of remove curse
 m - a scroll of enchant armour
 o - 2 scrolls of magic mapping
 p - a scroll of identify
 q - 4 scrolls of fear
 s - a scroll of amnesia {unknown}
Potions
 e - a potion of cancellation
 f - a potion of brilliance
 g - 3 potions of might
 i - a potion of berserk rage
 k - 3 potions of lignification
 n - 2 potions of magic
Comestibles
 c - 16 rations


   Skills:
 + Level 6.4 Fighting
 - Level 1.7 Dodging
 * Level 8.9 Unarmed Combat
 + Level 5.6 Spellcasting
 + Level 6.1 Transmutations


You had 4 spell levels left.
You knew the following spells:

 Your Spells              Type           Power        Failure   Level  Hunger
a - Beastly Appendage     Tmut           ###...       16%         1    None
b - Sticks to Snakes      Tmut           ###.....     21%         2    #......
c - Spider Form           Tmut/Pois      ##........   50%         3    ##.....
d - Blade Hands           Tmut           ###.......   75%         5    ######.
e - Ice Form              Ice/Tmut       ##......     80%         4    ####...

Your spell library contained the following spells:

 Spells                   Type           Power        Failure   Level  Hunger


Dungeon Overview and Level Annotations

Branches:
Dungeon (7/15)             Temple (0/1) D:6           Sewer (visited)

Altars:
Elyvilon
Hepliaklqana

Shops:
D:5 [

Annotations:
D:4 1 runed translucent door


Innate Abilities, Weirdness & Mutations

You can breathe blasts of scalding, opaque steam.
Your pale cyan-grey scales are hard. (AC +7)
You cannot fit into any form of body armour.
You are cold-blooded and may be slowed by cold attacks.
Your life essence is reduced to manifest your ancestor. (-10% HP)


Message History

The killer bee poisons you! The killer bee stings you.
* * * LOW HITPOINT WARNING * * *
Cuahtemoc barely misses the killer bee.
The worker ant bites Cuahtemoc.
The killer bee stings you but does no damage.
You slash the killer bee!
You kill the killer bee!
* * * LOW HITPOINT WARNING * * *
You feel sick. The killer bee stings you!
* * * LOW HITPOINT WARNING * * *
You are more poisoned.
The killer bee poisons you! The killer bee stings you!
* * * LOW HITPOINT WARNING * * *
You are more poisoned.
The killer bee poisons you!
Cuahtemoc hits the killer bee but does no damage.
Cuahtemoc drains the killer bee.
The killer bee stings you but does no damage.
The worker ant bites Cuahtemoc.
The killer bee closely misses you.
It was a potion of haste.
You feel yourself speed up.
You die...

#.#.#<.....#
.........#.#
###.#......#
#........###
# #.#.#.#..#
##.#>##..#..#
.....a..##.##
...##.#R....#
......y@#####
..#.#.yy#
......#
#####.## #.
#. #. #.


You could see the friendly Cuahtemoc the hexer, a worker ant and 3 killer bees.

Vanquished Creatures
  Eustachio (D:4)
  An orc warrior (D:6)
  A sky beast (D:6)
  An ogre (D:7)
  4 centaurs
  A big kobold (D:7)
  4 scorpions
  2 killer bees (D:7)
  5 wights (D:6)
  4 crimson imps (D:5)
  A hound (D:5)
  3 orc priests
  A bullfrog skeleton (D:7)
  6 orc wizards
  A quasit (D:6)
  An iguana (D:4)
  7 worker ants
  A killer bee zombie (D:7)
  A hound skeleton (D:5)
  A hound zombie (D:6)
  Robin (D:2)
  11 gnolls (D:6)
  8 adders
  6 river rats
  An ooze (D:5)
  An adder zombie (D:5)
  A worm (D:5)
  5 dart slugs
  2 leopard geckos
  19 orcs
  7 bats
  9 giant cockroaches
  12 goblins
  11 hobgoblins
  7 jackals
  A quokka (D:3)
  5 ball pythons
  10 frilled lizards
  A jackal skeleton (D:6)
  A jackal zombie (D:7)
  10 kobolds
  A leopard gecko zombie (D:6)
  18 rats
195 creatures vanquished.

Vanquished Creatures (collateral kills)
  Sigmund (D:4)
  An orc warrior (D:7)
  An orc wizard (D:7)
  A gnoll shaman (D:6)
  3 orc priests
  An adder (D:7)
  A shadow imp (D:5)
  An adder skeleton (D:5)
  4 dart slugs (D:7)
  A leopard gecko (D:3)
  An orc (D:7)
  2 jackals
  A quokka (D:4)
  2 kobolds
  2 rats (D:6)
23 creatures vanquished.

Vanquished Creatures (others)
  2 hexers
  An ancestor (D:2)
3 creatures vanquished.

Grand Total: 221 creatures vanquished

Notes
Turn   | Place    | Note
-------+----------+-------------------------------------------
     0 | D:1      | kae the Draconian Transmuter began the quest for the Orb.
     0 | D:1      | Reached XP level 1. HP: 16/16 MP: 3/3
   262 | D:1      | Reached XP level 2. HP: 23/23 MP: 3/5
   267 | D:1      | Learned a level 2 spell: Sticks to Snakes
  1198 | D:2      | Found a hazy altar of Hepliaklqana,
  1215 | D:2      | Reached XP level 3. HP: 29/29 MP: 4/6
  1244 | D:2      | Became a worshipper of Hepliaklqana the Forgotten
  1540 | D:2      | Reached XP level 4. HP: 16/32 MP: 7/7
  1761 | D:2      | Learned a level 3 spell: Spider Form
  2018 | D:2      | Noticed Robin
  2034 | D:2      | Reached skill level 4 in Unarmed Combat
  2056 | D:2      | Killed Robin
  2628 | D:3      | Reached * piety under Hepliaklqana
  2831 | D:3      | Reached XP level 5. HP: 17/37 MP: 3/9
  3513 | D:4      | Found a white marble altar of Elyvilon,
  3514 | D:4      | Noticed an angel
  3519 | D:4      | Found a runed translucent door,
  3940 | D:4      | Noticed Eustachio
  3963 | D:4      | Killed Eustachio
  3963 | D:4      | Reached skill level 5 in Unarmed Combat
  3963 | D:4      | Reached XP level 6. HP: 34/45 MP: 7/10
  4241 | D:4      | Noticed Sigmund
  4250 | D:4      | Killed Sigmund
  4250 | D:4      | Your scales start taking on a pale cyan-grey colour.
  4250 | D:4      | Reached XP level 7. HP: 52/52 MP: 2/12
  4572 | D:4      | Reached ** piety under Hepliaklqana
  4573 | D:4      | Remembered your ancestor Cuahtemoc as a hexer
  4762 | D:5      | Entered Level 5 of the Dungeon
  4834 | D:5      | Found Ilivacul's Armour Shop,
  4984 | D:5      | Reached skill level 6 in Unarmed Combat
  5884 | D:5      | Reached XP level 8. HP: 56/60 MP: 10/14
  6151 | D:6      | Reached skill level 7 in Unarmed Combat
  6180 | D:6      | Found a glowing drain,
  6265 | Sewer    | Entered a sewer
  6373 | Sewer    | Reached skill level 5 in Fighting
  6769 | D:6      | Reached skill level 5 in Transmutations
  7103 | D:6      | Learned a level 5 spell: Blade Hands
  7108 | D:6      | Learned a level 4 spell: Ice Form
  7117 | D:6      | Found a white marble altar of Elyvilon,
  7131 | D:6      | Found a staircase to the Ecumenical Temple,
  7428 | D:6      | Reached skill level 5 in Spellcasting
  7594 | D:6      | Reached skill level 8 in Unarmed Combat
  7651 | D:6      | Reached XP level 9. HP: 61/67 MP: 12/16
  8919 | D:7      | Reached *** piety under Hepliaklqana
  9005 | D:7      | HP: 1/70 [killer bee (7)]
  9006 | D:7      | Succumbed to a killer bee's poison

Levels and vault maps discovered:
D:1:      lemuel_arrival_river_bridge, layout_basic
D:2:      layout_loops_cross, lemuel_round_altar, first_ration,
          kennysheep_generic_room_10, uniq_robin
D:3:      layout_loops_ring
D:4:      layout_basic, lemuel_angel_altar, uniq_eustachio, uniq_sigmund
D:5:      layout_rooms, serial_shops, shop
D:6:      layout_loops_cross, nicolae_overflow_hidden_temple,
          minmay_temple_entry_junction_2, portal_sewer_entry_e,
          kennysheep_generic_room_7
D:7:      kennysheep_slugbush, layout_basic

Skill      XL: |  1  2  3  4  5  6  7  8  9 |
---------------+----------------------------+-----
Fighting       | 2 3 4 5 6 |  6.4
Unarmed Combat | 4 5 6 8 |  8.9
Transmutations | 3 4 5 6 |  6.1
Spellcasting   | 3 4 5 |  5.6
Dodging        | |  1.7

Action                   |  1- 3 |  4- 6 |  7- 9 || total
-------------------------+-------+-------+-------++-------
Melee: Unarmed           |   143 |   132 |   392 ||   667
       Tailslap          |    13 |     7 |    19 ||    39
       Kick              |     9 |       |       ||     9
       Punch             |     1 |     1 |     3 ||     5
       Headbutt          |     1 |       |     2 ||     3
 Cast: Beastly Appendage |    16 |     2 |     3 ||    21
       Spider Form       |       |    15 |    41 ||    56
       Blade Hands       |       |       |     1 ||     1
Invok: Recall Ancestor   |       |     1 |       ||     1
       Ancestor Identity |       |     1 |       ||     1
       Ancestor Life: He |       |       |     1 ||     1
  Use: Scroll            |       |     9 |     8 ||    17
       Potion            |       |       |     4 ||     4
 Stab: Sleeping          |       |     1 |     5 ||     6
       Distracted        |       |       |     4 ||     4
       Confused          |       |       |     3 ||     3
  Eat: Chunk             |     2 |    11 |    31 ||    44
Armor: Skin              |    59 |    22 |    46 ||   127
Dodge: Dodged            |   109 |   111 |   291 ||   511

Table legend:
 A = Non-vault XP
 B = Vault XP
 C = Vault XP percentage of total XP
 D = Non-vault monster count
 E = Vault monster count
 F = Vault count percentage of total count
                 A         B        C        D         E       F
            +---------+---------+-------+---------+---------+-------
      Total |    3337 |     701 |  17.4 |     166 |      52 |  23.9
            +---------+---------+-------+---------+---------+-------
        D:1 |      35 |       0 |   0.0 |      23 |       0 |   0.0
        D:2 |      81 |      37 |  31.4 |      18 |      13 |  41.9
        D:3 |      89 |       0 |   0.0 |      18 |       0 |   0.0
        D:4 |     132 |     408 |  75.6 |      10 |       2 |  16.7
        D:5 |     710 |       0 |   0.0 |      27 |       0 |   0.0
        D:6 |    1464 |     145 |   9.0 |      41 |       9 |  18.0
        D:7 |     826 |      28 |   3.3 |      29 |       7 |  19.4
      Sewer |       0 |      83 | 100.0 |       0 |      21 | 100.0
            +---------+---------+-------+---------+---------+-------
